 Dungeon Crawl Stone Soup version 0.24.0-29-g8ce449bc06 (webtiles) character file.

Game seed: 12722911574836346744, levelgen mode: deterministic

221 Gumption the Magician (level 5, -3/28 HPs)
             Began as a Deep Elf Wizard on Nov 14, 2019.
             Was a Follower of Vehumet.
             Slain by a scorpion (9 damage)
             ... on level 3 of the Dungeon.
             The game lasted 00:30:10 (3836 turns).

Gumption the Magician (Deep Elf Wizard)             Turns: 3836, Time: 00:30:10

Health: -3/28      AC:  2    Str:  4    XL:     5   Next: 65%
Magic:  1/15       EV: 13    Int: 24    God:    Vehumet [*.....]
Gold:   141        SH:  5    Dex: 13    Spells: 4/15 levels left

rFire    . . .     SeeInvis .   a - +0 dagger
rCold    + . .     Gourm    .   d - +1 buckler
rNeg     . . .     Faith    .   l - +0 robe
rPois    .         Spirit   .   o - +0 hat
rElec    .         Reflect  .   (no cloak)
rCorr    .         Harm     .   (no gloves)
MR       .....                  (no boots)
Stlth    ++........             (no amulet)
HPRegen  0.09/turn              g - ring of flight
MPRegen  0.14/turn              v - ring of protection from cold

@: lethally poisoned (-3 -> -9)
A: no striking features
a: Renounce Religion, Evoke Flight


You were on level 3 of the Dungeon.
You worshipped Vehumet.
Vehumet was aware of your devotion.
You were hungry.

You visited 1 branch of the dungeon, and saw 4 of its levels.

You collected 141 gold pieces.

Inventory:

Hand Weapons
 a - a +0 dagger (weapon)
 b - a +0 hunting sling
 t - a +0 trident
 u - a +0 spear of freezing
Missiles
 p - 87 stones (quivered)
Armour
 d - a +1 buckler (worn)
 l - a +0 robe (worn)
 o - a +0 hat (worn)
Jewellery
 g - a ring of flight (left hand)
 v - a ring of protection from cold (right hand)
Scrolls
 c - a scroll of remove curse
 f - a scroll of enchant armour
 i - 3 scrolls of teleportation
 m - a scroll of fog {unknown}
 n - a scroll of fear {unknown}
 s - a scroll of blinking {unknown}
Potions
 h - a potion of might
 j - a potion of brilliance
Comestibles
 e - 4 rations


   Skills:
 + Level 3.8 Dodging
 - Level 2.4 Stealth
 + Level 1.6 Shields
 + Level 5.5 Spellcasting
 * Level 4.1 Conjurations
 - Level 1.1 Summonings
 - Level 1.1 Translocations


You had 4 spell levels left.
You knew the following spells:

 Your Spells              Type           Power        Failure   Level  Hunger
a - Magic Dart            Conj           ####         2%          1    None
b - Call Imp              Summ           ##......     11%         2    None
c - Blink                 Tloc           N/A          11%         2    None
d - Conjure Flame         Conj/Fire      ###.....     14%         3    #......
e - Mephitic Cloud        Conj/Pois/Air  ##......     21%         3    #......

Your spell library contained the following spells:

 Spells                   Type           Power        Failure   Level  Hunger
 Flame Tongue             Conj/Fire      ###..        4%          1    None
 Slow                     Hex            #.......     17%         2    None


Dungeon Overview and Level Annotations

Branches:
Dungeon (4/15)
 Temple: D:4-7

Altars:
Ashenzari
Nemelex Xobeh
Trog
Vehumet
Xom


Message History

The magic dart hits the scorpion but does no damage.
The scorpion is almost dead.
* * * LOW HITPOINT WARNING * * *
You feel sick.
Your white imp closely misses the scorpion.
The scorpion barely misses you.
Casting: Magic Dart (safe; 2% risk of failure)
Confirm with . or Enter, or press ? or * to list all spells.
You don't have enough magic to cast that spell.
You closely miss the scorpion.
The scorpion is almost dead.
Your white imp closely misses the scorpion.
The scorpion closely misses you.
You hit the scorpion but do no damage.
The scorpion is almost dead.
* * * LOW HITPOINT WARNING * * *
You feel sick.
Your white imp barely misses the scorpion.
The scorpion stings you!
You die...

#..... #####.####
##⌠##⌠.⌠##⌠
##...##.##..
#_.#^......#
#######...##⌠##..
#########
#.....##⌠#######⌠
#.......###.########
#.## #.##....5s@.#
#.# #.##.##.#####
#.# #.##.##.# #.#
#.......# #####.#
#.##.##.# #######
#.....# #.......#
#.....# #.##..##
#.##.##.#
#.....###.##..#.
#.##.##)#
#...............
#.##.##)#
#.....####....#.


You could see a scorpion and a friendly white imp.

Vanquished Creatures
  A bullfrog skeleton (D:3)
  3 gnolls (D:3)
  7 adders
  A worm (D:2)
  4 dart slugs
  3 leopard geckos
  8 orcs
  5 giant cockroaches
  7 goblins
  9 hobgoblins
  4 jackals (D:3)
  A quokka (D:3)
  11 bats
  5 frilled lizards
  A jackal skeleton (D:2)
  4 kobolds
  8 rats
82 creatures vanquished.

Notes
Turn   | Place    | Note
-------+----------+-------------------------------------------
     0 | D:1      | Gumption the Deep Elf Wizard began the quest for the Orb.
     0 | D:1      | Reached XP level 1. HP: 10/10 MP: 7/7
   328 | D:1      | Reached XP level 2. HP: 15/15 MP: 5/9
   780 | D:1      | Learned a level 2 spell: Blink
   783 | D:1      | Learned a level 2 spell: Call Imp
  1143 | D:1      | Reached XP level 3. HP: 19/19 MP: 3/11
  1208 | D:1      | Learned a level 3 spell: Conjure Flame
  1212 | D:1      | Learned a level 3 spell: Mephitic Cloud
  1410 | D:1      | Found a shimmering altar of Xom.
  1414 | D:1      | Found an ornate altar of the Wu Jian Council.
  1414 | D:1      | Found a burning altar of Makhleb.
  1416 | D:1      | Found a glowing silver altar of Zin.
  1416 | D:1      | Found an iron altar of Okawaru.
  1416 | D:1      | Found a blossoming altar of Fedhas.
  1563 | D:2      | Found a radiant altar of Vehumet.
  1572 | D:2      | Became a worshipper of Vehumet
  1869 | D:2      | Reached skill level 5 in Spellcasting
  1934 | D:2      | Reached XP level 4. HP: 19/24 MP: 9/13
  1966 | D:2      | Reached skill level 1 in Shields
  2446 | D:3      | Reached * piety under Vehumet
  2446 | D:3      | Offered knowledge of Flame Tongue by Vehumet.
  2592 | D:3      | Found a shattered altar of Ashenzari.
  2775 | D:3      | HP: 1/24 [bullfrog skeleton (7)]
  2776 | D:3      | Reached XP level 5. HP: 2/28 MP: 4/14
  3011 | D:3      | Found a sparkling altar of Nemelex Xobeh.
  3021 | D:3      | Found a bloodstained altar of Trog.
  3836 | D:3      | Slain by a scorpion

Levels and vault maps discovered:
D:1:      dpeg_arrival_renting, layout_loops_ring, doesnt_xom_only_xom
D:2:      layout_basic, fiery_altar_vehumet
D:3:      layout_loops_cross, amethyst_overflow_temple_binary, first_ration,
          ashenzari_altar_1
D:4:      layout_cave_pods, minmay_temple_entry_junction_2

Skill      XL: |  1  2  3  4  5 |
---------------+----------------+-----
Conjurations   | 2 3 4 |  4.1
Dodging        | 3 |  3.8
Spellcasting   | 5 |  5.5
Shields        | 1 |  1.6
Stealth        | |  2.4
Summonings     | |  1.1
Translocations | |  1.1

Action                   |  1- 3 |  4- 6 || total
-------------------------+-------+-------++-------
Melee: Unarmed           |     7 |       ||     7
       Dagger            |       |     5 ||     5
 Cast: Magic Dart        |   101 |   116 ||   217
       Call Imp          |       |     2 ||     2
       Conjure Flame     |       |     1 ||     1
       Blink             |       |     1 ||     1
  Use: Scroll            |     3 |     5 ||     8
       Potion            |       |     1 ||     1
  Eat: Chunk             |     3 |     5 ||     8
Armor: Robe              |    19 |     1 ||    20
Dodge: Dodged            |    50 |    23 ||    73
Block: Buckler           |    10 |     4 ||    14
